 Dungeon Crawl Stone Soup version 0.25-a0-523-g9afb2ee040 (webtiles) character file.

Game seed: 7295045240541673563, levelgen mode: deterministic

15211 Flugslaktarn the Cleaver (level 11, -6/103 HPs)
             Began as a Deep Dwarf Fighter on Feb 18, 2020.
             Was a Priest of Makhleb.
             Mangled by a sixfirhy (10 damage)
             ... summoned by Frances
             ... on level 12 of the Dungeon.
             The game lasted 00:06:57 (7445 turns).

Flugslaktarn the Cleaver (Deep Dwarf Fighter)       Turns: 7445, Time: 00:06:57

Health: -6/103     AC: 19    Str: 23    XL:     11   Next: 98%
Magic:  3/11       EV:  7    Int:  9    God:    Makhleb [***...]
Gold:   93         SH: 12    Dex: 12    Spells: 10/10 levels left

rFire    . . .     SeeInvis .   L - +0 broad axe
rCold    . . .     Gourm    +   c - +0 kite shield
rNeg     . . .     Faith    .   f - +0 plate armour
rPois    +         Spirit   .   b - +2 helmet
rElec    .         Reflect  .   C - scarf {repulsion}
rCorr    .         Harm     .   (no gloves)
MR       ++...                  u - +0 pair of boots
Stlth    ..........             D - amulet of the gourmand
HPRegen  0.00/turn              o - ring of poison resistance
MPRegen  0.12/turn              r - +1 ring of evasion

@: non-regenerating, repel missiles
A: damage resistance, heal wounds, blink, magic resistance 1, sense surroundings
2, MP-powered wands, no regeneration
a: Heal Wounds, Blink, Minor Destruction, Lesser Servant of Makhleb, Renounce
Religion


You were on level 12 of the Dungeon.
You worshipped Makhleb.
Makhleb was most pleased with you.
You were very full.

You visited 1 branch of the dungeon, and saw 12 of its levels.

You collected 507 gold pieces.
You spent 414 gold pieces at shops.

Inventory:

Hand Weapons
 L - a +0 broad axe (weapon)
   (You found it on level 11 of the Dungeon)
Missiles
 E - 2 throwing nets (quivered)
Armour
 b - a +2 helmet (worn)
   (You took it off Robin on level 4 of the Dungeon)
 c - a +0 kite shield (worn)
 f - a +0 plate armour (worn)
   (You found it on level 1 of the Dungeon)
 u - a +0 pair of boots (worn)
   (You found it on level 5 of the Dungeon)
 x - a +0 cloak
   (You took it off Crazy Yiuf on level 4 of the Dungeon)
 C - a scarf of repulsion (worn)
   (You found it on level 8 of the Dungeon)
Jewellery
 a - a +6 ring of strength {unknown}
   (You found it on level 11 of the Dungeon)
 k - an uncursed ring of resist corrosion
   (You found it on level 11 of the Dungeon)
 o - a ring of poison resistance (left hand)
   (You found it on level 8 of the Dungeon)
 r - a +1 ring of evasion (right hand)
   (You found it on level 5 of the Dungeon)
 D - an amulet of the gourmand (around neck)
   (You found it on level 6 of the Dungeon)
Wands
 p - a wand of acid (9)
   (You found it on level 8 of the Dungeon)
 v - a wand of digging (6)
   (You found it on level 9 of the Dungeon)
 y - a wand of iceblast (11)
   (You found it on level 5 of the Dungeon)
 z - a wand of scattershot (4)
   (You found it on level 11 of the Dungeon)
 F - a wand of clouds (4)
   (You found it on level 7 of the Dungeon)
Scrolls
 g - 2 scrolls of fear
 i - 3 scrolls of remove curse
 s - a scroll of vulnerability
 t - 3 scrolls of teleportation
 A - 2 scrolls of immolation
 G - 2 scrolls of enchant weapon
 J - a scroll of enchant armour
Potions
 d - 2 potions of might
 h - a potion of brilliance
 j - 5 potions of flight
 l - 2 potions of mutation
 m - a potion of haste
 n - a potion of resistance
 q - 9 potions of curing
 w - a potion of heal wounds
 B - 2 potions of ambrosia {unknown}
 H - a potion of degeneration {unknown}
 I - a potion of lignification {unknown}
 K - 2 potions of magic {unknown}
 M - 2 potions of invisibility
 N - a potion of experience {unknown}
Comestibles
 e - 20 rations


   Skills:
 + Level 8.2 Fighting
 * Level 12.7 Axes
 + Level 9.7 Armour
 + Level 9.8 Shields
 + Level 8.0 Invocations


You had 10 spell levels left.
You didn't know any spells.
Your spell library was empty.

Dungeon Overview and Level Annotations

Branches:
Dungeon (12/15)            Temple (0/1) D:7            Lair (0/6) D:8
    Orc (0/2) D:9

Altars:
Ashenzari
Cheibriados
Fedhas
Hepliaklqana
Makhleb
Nemelex Xobeh
Okawaru
Qazlal
Ru
Trog
Uskayaw
Vehumet
Wu Jian

Shops:
D:8 ?   D:11 ![

Annotations:
D:5 2 transporters, Tenz's ghost, amateur MiFi
D:9 1 runed translucent door, Gulaox's ghost, novice DDFi
D:12 Frances


Innate Abilities, Weirdness & Mutations

You are resistant to damage.
You can heal yourself by infusing magical energy.
You passively map the area around you.
You do not regenerate.
You can translocate small distances at will.
You are resistant to hostile enchantments. (MR+)
You expend magic power (3 MP) to strengthen your wands.


Message History

The sixfirhy is engulfed in freezing vapours.
The sixfirhy hits you but does no damage.
Frances is engulfed in freezing vapours.
Frances hits you with a +0 glaive!!
* * * LOW HITPOINT WARNING * * *
The sixfirhy is engulfed in freezing vapours.
The sixfirhy barely misses you. You block the sun demon's attack.
Frances is engulfed in freezing vapours.
Frances hits you with a +0 glaive!
* * * LOW HITPOINT WARNING * * *
You hit Frances.
Frances is moderately wounded.
You closely miss the sixfirhy. You slash the sun demon!
The sixfirhy is engulfed in freezing vapours.
The sixfirhy barely misses you.
The sixfirhy is engulfed in freezing vapours.
The sixfirhy hits you!
* * * LOW HITPOINT WARNING * * *
The sixfirhy shocks you!
You die...

, , ##.###...$..##.,
, . ,##...##.!......#
** , ,,,
....#.....#....###..#
, , .......)....####
*,#* , ....#####.D##
, ,, ..., ##§§#** , ,
. #§§.# , *,* , ,
#@3.# , * , ,
....####§@###, , * ,
, ........)÷3.# * *
,, .....###..#......
* , ,,
.......†..###.... ,,
....#..##)# *,..#* .
#.# #<# .# , #.* #.#
* # # #.# * ,, ,, ,
,#.# **


You could see Frances, a sun demon, a sixfirhy and an acid dragon.

Vanquished Creatures
  Kirke (D:12)
  A hydra (D:11)
  3 two-headed ogres
  Sonja (D:10)
  A cyclops (D:10)
  A manticore (D:11)
  A gargoyle (D:11)
  Maggie (D:6)
  2 trolls
  2 hornets
  A hippogriff (D:8)
  A hog (D:12)
  5 yaks
  Menkaure (D:4)
  Edmund (D:4)
  An acid dragon (D:11)
  A soldier ant (D:8)
  4 orc warriors
  A sky beast (D:10)
  A black bear (D:8)
  A hornet zombie (D:7)
  2 ice beasts
  2 phantoms
  6 ogres
  A wolf (D:8)
  A centaur (D:5)
  A big kobold (D:8)
  6 bullfrogs
  3 scorpions
  13 killer bees
  3 wights (D:10)
  3 howler monkeys
  4 electric eels
  3 centaur zombies
  2 quasits
  7 crimson imps
  A bullfrog skeleton (D:6)
  3 bullfrog zombies
  2 centaur skeletons
  11 hounds
  11 orc wizards
  9 orc priests
  A jelly (D:10)
  Crazy Yiuf (D:4)
  3 iguanas
  11 worker ants
  A hound skeleton (D:10)
  A mummy (D:8)
  4 worker ant zombies
  Robin (D:4)
  A howler monkey skeleton (D:11)
  7 adders
  A shadow imp (D:5)
  An ooze (D:3)
  An adder zombie (D:9)
  An adder skeleton (D:4)
  A worm (D:4)
  4 leopard geckos
  38 orcs
  3 giant cockroaches
  11 goblins
  4 hobgoblins
  8 jackals
  A quokka (D:4)
  2 ball pythons
  2 bats (D:2)
  14 kobolds
  A leopard gecko skeleton (D:5)
  6 rats
256 creatures vanquished.

Vanquished Creatures (collateral kills)
  2 hydras (D:11)
  A death knight (D:12)
  6 yaks (D:11)
  A centaur (D:11)
  A crocodile (D:11)
  A crimson imp (D:11)
  A bullfrog simulacrum (D:12)
13 creatures vanquished.

Vanquished Creatures (others)
  A big kobold (D:10)
  A crimson imp (D:12)
  A hound (D:12)
  2 orcs (D:12)
  A jackal (D:8)
6 creatures vanquished.

Grand Total: 275 creatures vanquished

Notes
Turn   | Place    | Note
-------+----------+-------------------------------------------
     0 | D:1      | Flugslaktarn the Deep Dwarf Fighter began the quest for the
                  | Orb.
     0 | D:1      | Reached XP level 1. HP: 20/20 MP: 1/1
   114 | D:2      | Reached XP level 2. HP: 20/27 MP: 2/2
   231 | D:2      | Reached skill level 3 in Axes
   274 | D:3      | Reached XP level 3. HP: 24/34 MP: 3/3
   314 | D:4      | Reached XP level 4. HP: 29/42 MP: 4/4
   395 | D:5      | Entered Level 5 of the Dungeon
   456 | D:5      | Reached skill level 4 in Axes
   462 | D:5      | Found a transporter.
   462 | D:5      | Noticed a gnoll sergeant
   514 | D:5      | Reached XP level 5. HP: 26/49 MP: 5/5
   713 | D:5      | Reached XP level 6. HP: 38/56 MP: 6/6
   800 | D:4      | Noticed Robin
   819 | D:4      | Killed Robin
   861 | D:4      | Found a runed translucent door.
   862 | D:4      | Noticed Crazy Yiuf
   955 | D:4      | Noticed Edmund
   978 | D:4      | Killed Edmund
   978 | D:4      | Reached skill level 5 in Axes
  1008 | D:4      | Reached XP level 7. HP: 25/64 MP: 7/7
  1022 | D:4      | Found a stormy altar of Qazlal.
  1219 | D:4      | Noticed Menkaure
  1226 | D:4      | Reached skill level 5 in Shields
  1232 | D:4      | Killed Menkaure
  1232 | D:4      | Reached skill level 6 in Axes
  1232 | D:4      | Reached skill level 5 in Armour
  1254 | D:4      | Found an iron altar of Okawaru.
  1472 | D:4      | Killed Crazy Yiuf
  1632 | D:5      | Reached XP level 8. HP: 58/73 MP: 7/7
  1725 | D:5      | Found a transporter.
  1730 | D:5      | Noticed Tenz's ghost (amateur MiFi)
  1732 | D:5      | Identified the +7 trident "Itounal" {venom, rElec Str+4}
  1732 | D:5      | Identified the cursed +1 ring mail of Fedhas's Esteem
                  | {Regen+ Str-5 SInv}
  2085 | D:6      | Noticed Maggie
  2104 | D:6      | Killed Maggie
  2104 | D:6      | Reached skill level 7 in Axes
  2121 | D:6      | You fall into a shaft and drop 1 floor!
  2234 | D:6      | Reached skill level 5 in Fighting
  2313 | D:6      | Reached skill level 8 in Axes
  2603 | D:6      | Gained mutation: You passively map the area around you.
                  | [Deep Dwarf growth]
  2603 | D:6      | Reached XP level 9. HP: 61/81 MP: 8/8
  3022 | D:7      | Found a staircase to the Ecumenical Temple.
  3048 | D:7      | Found a burning altar of Makhleb.
  3064 | D:7      | Became a worshipper of Makhleb the Destroyer
  3118 | D:7      | Reached skill level 9 in Axes
  3162 | D:7      | Reached skill level 1 in Invocations
  3470 | D:7      | Noticed a moth of wrath
  3473 | D:7      | Found a bloodstained altar of Trog.
  3675 | D:8      | Noticed a troll
  3703 | D:8      | Killed a troll
  3747 | D:8      | Found a staircase to the Lair.
  3754 | D:8      | Reached * piety under Makhleb
  3796 | D:8      | Reached skill level 10 in Axes
  3881 | D:8      | Found a hazy altar of Hepliaklqana.
  3901 | D:8      | Reached XP level 10. HP: 71/92 MP: 11/11
  4008 | D:8      | Found a snail-covered altar of Cheibriados.
  4343 | D:8      | Found Cug Om Xadau's Magic Scroll Boutique.
  4346 | D:8      | Bought a scroll of enchant weapon for 90 gold pieces
  4653 | D:8      | Bought a scroll of enchant armour for 90 gold pieces
  4835 | D:9      | Noticed a two-headed ogre
  4852 | D:9      | Killed a two-headed ogre
  4989 | D:9      | Reached ** piety under Makhleb
  5028 | D:9      | Reached skill level 5 in Invocations
  5099 | D:9      | Found a staircase to the Orcish Mines.
  5120 | D:9      | Reached skill level 11 in Axes
  5422 | D:9      | Found a shattered altar of Ashenzari.
  5423 | D:9      | Found a blossoming altar of Fedhas.
  5492 | D:9      | Found a stormy altar of Qazlal.
  5493 | D:9      | Found a radiant altar of Vehumet.
  5495 | D:9      | Found a sacrificial altar of Ru.
  5496 | D:9      | Found a sparkling altar of Nemelex Xobeh.
  5497 | D:9      | Found an ornate altar of the Wu Jian Council.
  5541 | D:9      | Found a runed translucent door.
  5541 | D:9      | Noticed Gulaox's ghost (novice DDFi)
  5665 | D:10     | Entered Level 10 of the Dungeon
  5899 | D:10     | Noticed a cyclops
  5915 | D:10     | Killed a cyclops
  6076 | D:10     | Reached *** piety under Makhleb
  6088 | D:10     | Noticed Sonja
  6115 | D:10     | Killed Sonja
  6115 | D:10     | Reached XP level 11. HP: 65/100 MP: 11/11
  6550 | D:11     | Found a hide-covered altar of Uskayaw.
  6550 | D:11     | Noticed a four-headed hydra
  6563 | D:11     | Killed a seven-headed hydra
  6706 | D:11     | Found Sopnac's Antique Armour Shop.
  6783 | D:11     | Noticed an eight-headed hydra
  6792 | D:11     | Killed a nine-headed hydra
  6882 | D:11     | Found Tell's Distillery.
  6890 | D:11     | Bought a potion of mutation for 104 gold pieces
  6890 | D:11     | Bought a potion of resistance for 130 gold pieces
  6891 | D:11     | Gained mutation: You are resistant to hostile enchantments.
                  | (MR+) [potion of mutation]
  6891 | D:11     | Gained mutation: You can translocate small distances at
                  | will. [potion of mutation]
  6891 | D:11     | Gained mutation: You expend magic power (3 MP) to
                  | strengthen your wands. [potion of mutation]
  6935 | D:11     | Reached skill level 12 in Axes
  7012 | D:11     | Noticed an eight-headed hydra
  7021 | D:11     | Killed an eight-headed hydra
  7046 | D:11     | Noticed a two-headed ogre
  7054 | D:11     | Killed a two-headed ogre
  7283 | D:12     | Noticed Kirke
  7298 | D:12     | Noticed a harpy
  7298 | D:12     | Noticed a harpy
  7303 | D:12     | Noticed a two-headed ogre
  7305 | D:12     | Killed Kirke
  7326 | D:12     | Killed a two-headed ogre
  7398 | D:12     | Noticed a death knight
  7403 | D:12     | HP: 5/103 [death knight/+0 great mace (18)]
  7412 | D:12     | Killed a death knight
  7427 | D:12     | Noticed Frances
  7443 | D:12     | Noticed a sixfirhy
  7443 | D:12     | Noticed a sun demon
  7445 | D:12     | HP: 4/103 [sixfirhy[Frances] (7)]
  7445 | D:12     | Mangled by a sixfirhy

Levels and vault maps discovered:
D:1:      lightli_arrival_statue_moat, layout_basic
D:2:      layout_basic, nicolae_overflow_hidden_temple, first_ration
D:3:      layout_loops_corners, uniq_jessica, uniq_ijyb
D:4:      layout_loops_ring, kennysheep_little_box,
          nicolae_qazlal_general_emergency, uniq_edmund, uniq_robin,
          uniq_crazy_yiuf_cottage, uniq_menkaure
D:5:      layout_loops_ring, gammafunk_ghost_gnarly_gnolls, eino_tiny_chamber,
          kennysheep_generic_room_4
D:6:      layout_loops_cross, uniq_maggie
D:7:      layout_basic, makhleb_heckhound_becter, tgw_trog,
          minmay_temple_entry_poolview
D:8:      layout_loops_ring, slow_altar_2, lemuel_crystal_altar,
          erik_lair_island, serial_shops, kennysheep_mini,
          hangedman_pestilent_swarm, minmay_circle_x
D:9:      layout_basic, grunt_temple_overflow_open, erik_orc_4,
          gammafunk_ghost_grave
D:10:     layout_gridville, lightli_minifort, uniq_sonja
D:11:     layout_gridville, serial_shops, shop, shop, basic_altar
D:12:     layout_rooms, kb_rosetta, uniq_frances, uniq_jorgrun, uniq_kirke

Skill      XL: |  1  2  3  4  5  6  7  8  9 10 11 |
---------------+----------------------------------+-----
Axes           | 3 4 5 6 8 10 11 12 | 12.7
Fighting       | 3 4 5 6 7 8 |  8.2
Shields        | 4 5 6 7 8 9 |  9.8
Armour         | 4 5 6 7 8 9 |  9.7
Invocations    | 3 5 8 |  8.0

Action                   |  1- 3 |  4- 6 |  7- 9 | 10-12 || total
-------------------------+-------+-------+-------+-------++-------
Melee: War axe           |    52 |   163 |   485 |   406 ||  1106
       Unarmed           |       |       |       |     4 ||     4
       Broad axe         |       |       |       |   113 ||   113
Invok: Lesser Servant of |       |       |       |     9 ||     9
 Abil: Heal Wounds       |       |     3 |    15 |    30 ||    48
Evoke: Wand              |       |       |       |     9 ||     9
  Use: Scroll            |       |       |    11 |     6 ||    17
       Potion            |       |       |     2 |     1 ||     3
 Stab: Distracted        |       |       |       |     3 ||     3
  Eat: Chunk             |       |     1 |    10 |    25 ||    36
       Ration            |       |       |       |     1 ||     1
Armor: Plate armour      |    43 |    97 |   346 |   397 ||   883
       Scale mail        |     4 |       |       |       ||     4
Dodge: Dodged            |     4 |    31 |   123 |   155 ||   313
       Deflected         |       |       |       |     7 ||     7
Block: Kite shield       |    29 |    95 |   307 |   352 ||   783

Table legend:
 A = Non-vault XP
 B = Vault XP
 C = Vault XP percentage of total XP
 D = Non-vault monster count
 E = Vault monster count
 F = Vault count percentage of total count
                 A         B        C        D         E       F
            +---------+---------+-------+---------+---------+-------
      Total |   14518 |    7212 |  33.2 |     206 |      64 |  23.7
            +---------+---------+-------+---------+---------+-------
        D:1 |       1 |       0 |   0.0 |       1 |       0 |   0.0
        D:2 |      39 |       0 |   0.0 |      10 |       0 |   0.0
        D:3 |       8 |       0 |   0.0 |       2 |       0 |   0.0
        D:4 |     382 |     402 |  51.3 |      16 |      15 |  48.4
        D:5 |     601 |       2 |   0.3 |      20 |       1 |   4.8
        D:6 |    1085 |     359 |  24.9 |      26 |       1 |   3.7
        D:7 |    1160 |      47 |   3.9 |      23 |       6 |  20.7
        D:8 |    1134 |    1452 |  56.1 |      30 |      17 |  36.2
        D:9 |    1964 |     586 |  23.0 |      22 |      18 |  45.0
       D:10 |    1675 |    1370 |  45.0 |      25 |       2 |   7.4
       D:11 |    5040 |       0 |   0.0 |      22 |       0 |   0.0
       D:12 |    1429 |    2994 |  67.7 |       9 |       4 |  30.8
            +---------+---------+-------+---------+---------+-------
